 Dungeon Crawl Stone Soup version 0.27-a0-54-g64bdb92e38 (webtiles) character file.

Game seed: 12994743820434284669

44 Borgoz the Ruffian (level 3, 0/30 HPs)
             Began as a Ghoul Gladiator on Jan 7, 2021.
             Slain by an adder (4 damage)
             ... on level 2 of the Dungeon.
             The game lasted 00:01:00 (1102 turns).

Borgoz the Ruffian (Ghoul Gladiator)                Turns: 1102, Time: 00:01:01

Health: 0/30       AC:  4    Str: 18    XL:     3   Next: 62%
Magic:  2/2        EV: 12    Int:  3    God:
Gold:   69         SH:  0    Dex: 10    Spells: 2/2 levels left

rFire    . . .     SeeInvis .     - Unarmed
rCold    + . .     Faith    .   (no shield)
rNeg     + + +     Spirit   .   a - +0 leather armour
rPois    ∞         Reflect  .   b - +0 helmet
rElec    .         Harm     .   (no cloak)
rCorr    .         Rampage  .   (no gloves)
Will     .....                  (no boots)
Stlth    +.........             (no amulet)
HPRegen  0.00/turn              (no ring)
MPRegen  0.08/turn              (no ring)

@: brilliant, attractive
A: claws 1, cold resistance 1, negative energy resistance 3, inhibited
regeneration, torment resistance, unbreathing
a: no special abilities


You were on level 2 of the Dungeon.
You visited 1 branch of the dungeon, and saw 2 of its levels.

You collected 69 gold pieces.

Inventory:

Missiles
 c - 3 throwing nets (quivered)
Armour
 a - a +0 leather armour (worn)
 b - a +0 helmet (worn)
Scrolls
 g - 2 scrolls of identify {unknown}
 i - a scroll of remove curse {unknown}
 j - 3 scrolls of teleportation {unknown}
Potions
 h - a potion of lignification {unknown}
 k - a potion of curing {unknown}


   Skills:
 + Level 2.7 Fighting
 - Level 1.7 Throwing
 + Level 1.0 Armour
 + Level 3.0 Dodging
 + Level 1.4 Stealth
 + Level 3.7 Unarmed Combat


You had 2 spell levels left.
You didn't know any spells.
Your spell library was empty.

Dungeon Overview and Level Annotations

Branches:
Dungeon (2/15)

Altars:


Innate Abilities, Weirdness & Mutations

You thrive by killing the living.
You are immune to poison.
You have sharp fingernails.
Your flesh is cold resistant. (rC+)
You are immune to negative energy. (rN+++)
You do not regenerate when monsters are visible.
You are immune to unholy pain and torment.
You can survive without breathing.


Message History

The bat closely misses you. x2
You scratch the bat.
You kill the bat!
The goblin is pulled toward you!
You completely miss the kobold. The kobold hits you.
* * * LOW HITPOINT WARNING * * *
You scratch the kobold.
You kill the kobold!
Okay, then.
You closely miss the goblin. Your claw misses the goblin.
The goblin misses you.
You barely miss the goblin. The goblin hits you with a +0 dagger.
* * * LOW HITPOINT WARNING * * *
You scratch the goblin.
The goblin is severely wounded.
The goblin hits you but does no damage.
You claw the goblin!
You kill the goblin!
The adder bites you.
You die...

....... .......# .
.......######.....>##..
............#.........
...#..†............#
...................#
............##...###
#...........#..#.#
..............##S#
.>#.........(.##@# ######
..........##..##.##########....#
.......?......##.##.......#....#
......[..#.....#.##......)#....#
#...####................†(....#
≈≈≈ ##.##..<.............(.# #.
##............#....# #.
#................<# ..
..............#....#


You could see an adder.

Vanquished Creatures
  An adder (D:2)
  2 oozes
  A leopard gecko (D:1)
  A giant cockroach (D:1)
  2 goblins (D:2)
  4 hobgoblins (D:1)
  A ball python (D:1)
  4 bats
  3 frilled lizards (D:2)
  9 kobolds
  4 rats
32 creatures vanquished.

Notes
Turn   | Place    | Note
-------+----------+-------------------------------------------
     0 | D:1      | Borgoz the Ghoul Gladiator began the quest for the Orb.
     0 | D:1      | Reached XP level 1. HP: 17/17 MP: 0/0
   247 | D:1      | Reached XP level 2. HP: 25/25 MP: 1/1
   651 | D:1      | Reached skill level 1 in Stealth
   949 | D:1      | Reached XP level 3. HP: 25/30 MP: 2/2
  1059 | D:2      | Reached skill level 1 in Armour
  1102 | D:2      | Slain by an adder

Illustrated notes

Levels and vault maps discovered:
D:1:      dpeg_arrival_shelter, layout_loops_corners, grunt_decor_cap
D:2:      layout_rooms, lemuel_doored_altar, grunt_dithmenos_smoke,
          serial_rivers, chequers_serial_rivers_micro_a,
          chequers_serial_rivers_micro_b, chequers_serial_rivers_large_b,
          chequers_serial_rivers_micro_a, chequers_serial_rivers_micro_c,
          chequers_serial_rivers_micro_b

Skill      XL: |  1  2  3 |
---------------+----------+-----
Stealth        | 1 |  1.4
Armour         | 1 |  1.0
Dodging        | 3 |  3.0
Fighting       | |  2.7
Throwing       | |  1.7
Unarmed Combat | |  3.7

Action                   || total
-------------------------++-------
Melee: Unarmed           ||   108
       Punch             ||     2
  Use: Potion            ||     3
Armor: Leather armour    ||    33
Dodge: Dodged            ||    90

Table legend: (Time is in decaauts)
 A = Elapsed time spent in this place.
 B = Non-inter-level travel time spent in this place.
 C = Inter-level travel time spent in this place.
 D = Time resting spent in this place.
 E = Time spent auto-exploring this place.
 F = Levels seen in this place.
 G = Mean time per level.
                   A        B        C        D        E       F      G
               +--------+--------+--------+--------+--------+-----+--------+
         Total |   1094 |   1090 |      4 |      0 |    903 |   2 |  547.0 |
       Dungeon |   1094 |   1090 |      4 |      0 |    903 |   2 |  547.0 |
               +--------+--------+--------+--------+--------+-----+--------+

Top non-repeatable levels by time:
     D:1: 1002 daAuts
     D:2: 92 daAuts
